 Dungeon Crawl Stone Soup version 0.22.1-2-g9c5b331383 (webtiles) character file.

3112 McIrco the Covert (level 9, -2/66 HPs)
             Began as a Vampire Assassin on Jan 5, 2019.
             Slain by a hog (7 damage)
             ... on level 7 of the Dungeon.
             The game lasted 00:27:50 (12703 turns).

McIrco the Covert (Vampire Assassin)               Turns: 12703, Time: 00:27:50

Health: -2/66      AC: 14    Str:  9    XL:     9   Next: 60%
Magic:  9/9        EV: 14    Int: 18    God:
Gold:   227        SH:  0    Dex: 16    Spells: 8/8 levels left

rFire    . . .     SeeInvis +   b - +3 dagger
rCold    + + .     Gourm    .   (no shield)
rNeg     + + .     Faith    .   y - +3 ring mail of the Onion {rC+ rCorr Str-4 Int+5}
rPois    +         Spirit   .   n - +2 helmet
rElec    .         Reflect  .   d - +0 cloak
rCorr    +         Harm     .   m - +0 pair of gloves
MR       .....                  (no boots)
Stlth    ++++++....             (no amulet)
HPRegen  0.10/turn              q - ring of stealth
MPRegen  0.11/turn              (no ring)

@: regenerating slowly
A: fangs 3, see invisible, unbreathing
a: Bat Form


You were on level 7 of the Dungeon.
You were near bloodless.

You visited 1 branch of the dungeon, and saw 7 of its levels.
You also visited: Sewer.

You collected 227 gold pieces.

Inventory:

Hand Weapons
 a - the +5 trident "Hedoxt" {pierce, Str+3}
   (You found it on level 6 of the Dungeon)

   It inflicts extra damage upon your enemies.
   It affects your strength (+3).
 b - a +3 dagger (weapon)
 p - a +0 dagger of electrocution
 D - a +0 blowgun
Missiles
 k - a curare-tipped needle
 u - 19 poisoned needles
Armour
 c - a +0 robe
 d - a +0 cloak (worn)
 m - a +0 pair of gloves (worn)
 n - a +2 helmet (worn)
 y - the +3 ring mail of the Onion (worn) {rC+ rCorr Str-4 Int+5}
   (You found it on level 4 of the Dungeon)

   It affects your strength (-4).
   It affects your intelligence (+5).
   It protects you from cold.
   It provides partial protection from all sources of acid and corrosion.
Jewellery
 q - a ring of stealth (left hand)
Wands
 v - a wand of polymorph (13)
Scrolls
 i - 4 scrolls of teleportation
 j - 5 scrolls of remove curse
 l - 10 scrolls of identify
 t - 2 scrolls of enchant armour {unknown}
 w - a scroll of torment {unknown}
 A - a scroll of amnesia
 B - a scroll of fear {unknown}
 F - a scroll of magic mapping {unknown}
Potions
 e - 2 potions of agility
 f - a potion of mutation {unknown}
 g - 13 potions of blood
 h - a potion of haste {unknown}
 o - 4 potions of might
 r - 5 potions of curing {unknown}
 s - a potion of magic {unknown}
 x - 12 potions of heal wounds {unknown}
 z - a potion of lignification {unknown}
 C - a potion of brilliance {unknown}
 E - a potion of invisibility {unknown}


   Skills:
 + Level 4.6 Fighting
 + Level 5.8 Short Blades
 + Level 4.3 Polearms
 + Level 2.8 Throwing
 + Level 3.7 Armour
 * Level 6.6 Dodging
 + Level 11.3 Stealth


You had 8 spell levels left.
You didn't know any spells.
Your spell library was empty.

Dungeon Overview and Level Annotations

Branches:
Dungeon (7/15)
 Temple: D:4-7

Altars:
Hepliaklqana
Trog
Yredelemnul

Shops:
D:5 *

Annotations:
D:4 2 transporters


Innate Abilities, Weirdness & Mutations

You heal slowly.
You have razor-sharp teeth.
You have supernaturally acute eyesight. (SInv)
You can survive without breathing.


Message History

The hog bites you but does no damage.
Char dumped successfully.
b - a +3 dagger (weapon)
The hog bites you.
* * * LOW HITPOINT WARNING * * *
You hit the hog.
The hog is almost dead.
The hog closely misses you.
You completely miss the hog.
The hog is almost dead.
The hog bites you!
* * * LOW HITPOINT WARNING * * *
Unknown command.
You hit the hog.
The hog is almost dead.
The hog barely misses you.
You hit the hog but do no damage.
The hog is almost dead.
The hog bites you!
You die...

#####...###.##.##%.#..#.......#
#.>...##....##.##..'$.#........
#.######.#####.##..#..#.....#..
#........#####[##p.#..#.....##.
#..########..(.##h#######.####.
##.# ##>####...# #.# #.
#.#######..# #..## #.# #.
#..##.....#####p## ###.# #.
#..##.....)..@hh.# ..#.# ##
#..##.....######.# #.#.#####
#..######## #..####.#......
#..##### #...##.#(#####
#......# ##.......### #.####.#
#### ####......## #[# #.# #..#
####.[...#...# #.## #.## #.##
##....##..##... ###..###..###.#
#..######..#).#


You could see 2 hogs and a human.

Vanquished Creatures
  2 hogs (D:7)
  Eustachio (D:5)
  Edmund (D:6)
  A sky beast (D:7)
  2 orc warriors
  A necrophage (D:7)
  2 black bears
  2 ogres
  An ice beast (D:7)
  2 phantoms
  2 big kobolds (D:7)
  5 bullfrogs
  4 scorpions
  A howler monkey (D:6)
  2 crimson imps
  A centaur zombie (D:5)
  A centaur skeleton (D:7)
  2 hounds
  A bullfrog skeleton (D:3)
  An orc priest (D:7)
  A jelly (D:7)
  6 orc wizards
  2 worker ants (D:5)
  A hound zombie (D:6)
  A hound skeleton (D:6)
  3 gnolls (D:4)
  12 adders
  6 river rats (Sewer)
  2 shadow imps (D:7)
  3 oozes
  An adder skeleton (D:4)
  7 worms
  A leopard gecko (D:3)
  16 orcs
  7 giant cockroaches
  6 hobgoblins
  11 jackals
  3 quokkas
  3 ball pythons
  5 bats (D:2)
  5 frilled lizards
  4 goblins
  A jackal skeleton (D:7)
  31 kobolds
  A leopard gecko skeleton (D:4)
  21 rats
195 creatures vanquished.

Notes
Turn   | Place    | Note
-------+----------+-------------------------------------------
     0 | D:1      | McIrco the Vampire Assassin began the quest for the Orb.
     0 | D:1      | Reached XP level 1. HP: 16/16 MP: 1/1
  2239 | D:1      | Reached skill level 6 in Stealth
  2944 | D:1      | Reached XP level 2. HP: 7/22 MP: 2/2
  3890 | D:2      | Reached XP level 3. HP: 24/27 MP: 3/3
  4003 | D:2      | Reached skill level 7 in Stealth
  4312 | D:2      | Reached XP level 4. HP: 32/33 MP: 4/4
  4439 | D:2      | Found a hazy altar of Hepliaklqana.
  5061 | D:3      | Reached XP level 5. HP: 31/38 MP: 5/5
  5565 | D:4      | Found a basalt altar of Yredelemnul.
  5610 | D:4      | Found a transporter.
  5890 | D:4      | Got a jewelled ring mail
  5901 | D:4      | Identified the +3 ring mail of the Onion {rC+ rCorr Str-4
                  | Int+5} (You found it on level 4 of the Dungeon)
  5911 | D:4      | Found a transporter.
  5958 | D:5      | Entered Level 5 of the Dungeon
  5993 | D:5      | Reached skill level 8 in Stealth
  5993 | D:5      | Reached XP level 6. HP: 42/46 MP: 6/6
  6028 | D:5      | Noticed Eustachio
  6029 | D:5      | Found Nesch's General Store.
  6048 | D:5      | Killed Eustachio
  6134 | D:5      | Reached skill level 9 in Stealth
  6205 | D:5      | Reached XP level 7. HP: 17/51 MP: 7/7
  7840 | D:5      | Found a bloodstained altar of Trog.
  7957 | D:5      | Reached skill level 1 in Armour
  8565 | D:6      | Found a glowing drain.
  8574 | Sewer    | Entered a sewer
  8852 | Sewer    | Reached skill level 5 in Short Blades
  9268 | D:6      | Reached skill level 10 in Stealth
  9268 | D:6      | Reached XP level 8. HP: 55/58 MP: 8/8
  9362 | D:6      | Noticed Edmund
  9837 | D:6      | Got a transparent trident
  9838 | D:6      | Identified the +5 trident "Hedoxt" {pierce, Str+3} (You
                  | found it on level 6 of the Dungeon)
  9882 | D:6      | Killed Edmund
  9882 | D:6      | Reached skill level 5 in Dodging
 10421 | D:6      | Reached skill level 1 in Polearms
 11157 | D:7      | Reached skill level 11 in Stealth
 11195 | D:7      | Reached XP level 9. HP: 58/65 MP: 9/9
 12703 | D:7      | Slain by a hog

Skill      XL: |  1  2  3  4  5  6  7  8  9 |
---------------+----------------------------+-----
Stealth        | 6 7 8 9 10 11 | 11.3
Throwing       | 2 |  2.8
Fighting       | 2 3 4 |  4.6
Short Blades   | 3 4 5 |  5.8
Dodging        | 2 3 4 5 6 |  6.6
Armour         | 1 3 |  3.7
Polearms       | 2 4 |  4.3

Action                   |  1- 3 |  4- 6 |  7- 9 || total
-------------------------+-------+-------+-------++-------
Melee: Dagger            |    83 |   149 |   360 ||   592
       Bite              |     5 |    19 |    43 ||    67
       Trident           |       |       |   200 ||   200
 Fire: Blowgun           |    37 |    13 |       ||    50
 Abil: End Transformatio |       |     1 |     1 ||     2
       Bat Form          |       |     1 |     1 ||     2
  Use: Potion            |     2 |       |    11 ||    13
       Scroll            |       |       |     8 ||     8
 Stab: Sleeping          |    12 |    19 |    25 ||    56
       Distracted        |       |     1 |     2 ||     3
  Eat: Corpse            |       |     1 |       ||     1
Armor: Robe              |    36 |    14 |       ||    50
       Ring mail         |       |    39 |   203 ||   242
Dodge: Dodged            |    56 |   113 |   302 ||   471
